Map: Automaton LE

Players

Harstem

  • Race: Protoss Protoss
  • Spawn Location: 3:00

Stephano - Winner!

  • Race: Zerg Zerg
  • Spawn Location: 9:00

Event: IEM Season 13: Katowice (2019)

VOD

Have the link to the VOD?

Description

Time

  • Played on: Feb. 25, 2019, 9:24 a.m.
  • Length: 11:23

All games in this series

Show
View Real Time Build Order
Export as new Build Order

Harstem Protoss 

Build Orders: Nexus First, Chargelot Immortal 

Get SALT Encoding   

  12  0:00  Probe  
  13  0:12  Probe  
  14  0:19  Pylon  
  14  0:24  Probe  
  15  0:33  Probe  
  15  0:41  Probe  
  17  1:00  Nexus  
  17  1:09  Probe  
  17  1:10  Gateway  
  17  1:17  Probe  
  18  1:23  Assimilator  
  19  1:26  Assimilator  
  19  1:27  Probe  
  20  1:37  Pylon  
  20  1:39  Probe  
  21  1:52  Probe  
  22  1:57  Cybernetics Core  
  22  2:04  Probe  
  23  2:09  Probe  
  24  2:16  Probe  
  24  2:17  Probe  
  26  2:23  Warp Gate, Stalker  
  26  2:27  Probe  
  26  2:28  Probe  
  30  2:37  Twilight Council  
  30  2:39  Probe  
  30  2:40  Probe  
  32  2:51  Probe  
  32  2:52  Probe  
  32  2:54  Robotics Facility  
  33  3:03  Gateway, Probe, Charge  
  34  3:06  Probe  
  35  3:15  Probe  
  37  3:22  Gateway  
  37  3:23  Gateway  
  37  3:26  Probe  
  37  3:27  Probe  
  38  3:34  Adept  
  38  3:37  Pylon  
  41  3:41  Warp Prism  
  41  3:45  Probe  
  41  3:47  Probe  
  44  3:57  Probe, Pylon  
  44  4:02  Pylon  
  45  4:11  Observer  
  45  4:14  Zealot x2  
  45  4:17  Forge, Zealot x2  
  51  4:21  Immortal  
  54  4:37  Sentry  
  54  4:38  Sentry  
  62  4:41  Pylon  
  62  4:51  Protoss Ground Weapons Level 1  
  62  4:54  Nexus  
  62  4:55  Immortal  
  62  4:58  Pylon  
  62  5:03  Probe  
  67  5:18  Gateway  
  67  5:19  Gateway  
  68  5:23  Zealot x2  
  68  5:27  Zealot  
  70  5:30  Immortal  
  70  5:33  Probe  
  67  5:36  Sentry  
  67  5:38  Probe  
  70  5:45  Gateway  
  70  5:47  Probe  
  71  5:50  Probe  
  71  5:53  Zealot  
  74  6:01  Zealot  
  76  6:04  Zealot  
  76  6:06  Probe  
  76  6:09  Probe  
  76  6:10  Pylon  
  80  6:13  Probe  
  80  6:16  Zealot  
  83  6:20  Probe  
  83  6:21  Sentry x2, Zealot, Pylon  
  83  6:23  Probe  
  91  6:33  Zealot x2  
  91  6:36  Probe  
  97  6:40  Pylon  
  97  6:42  Pylon  
  97  6:44  Zealot x3  
  97  6:46  Zealot  
  99  6:48  Sentry  
  100  7:00  Probe  
  91  7:03  Sentry  
  91  7:04  Zealot x4  
  99  7:12  Zealot  
  99  7:13  Zealot  
  103  7:16  Probe  
  102  7:23  Zealot x3  
  102  7:25  Sentry, Zealot  
  112  7:30  Zealot x2  
  107  7:44  Zealot  
  107  7:45  Zealot x3  
  93  7:52  Zealot x2  
  93  7:56  Zealot  
  93  7:57  Probe  
  72  8:17  Immortal  
  72  8:18  Probe  
  71  8:20  Probe  
  71  8:23  Nexus  
  66  8:30  Probe  
  66  8:33  Sentry x3  
  77  8:37  Zealot  
  77  8:38  Probe  
  79  8:49  Probe  
  79  8:50  Zealot  
  79  8:51  Immortal  
  82  8:55  Probe  
  87  9:04  Pylon  
  87  9:20  Immortal  
  91  9:32  Probe x2  
  91  9:36  Photon Cannon  
  93  9:38  Shield Battery  
  93  9:44  Probe  
  94  9:57  Zealot x4  
  94  9:58  Zealot, Warp Prism  
  108  10:01  Zealot  
  110  10:11  Stalker  
  100  10:17  Stalker  
  100  10:18  Stalker x3  
  108  10:21  Stalker  
  108  10:28  Stalker  
  102  10:29  Probe  
  96  10:41  Stalker x2  
  100  10:43  Zealot  
  95  10:50  Shield Battery  
  76  11:04  Zealot  
  76  11:05  Zealot  
  76  11:10  Zealot  
Show
View Real Time Build Order
Export as new Build Order

Stephano Zerg - Winner!

Build Orders: Hatch First 

Get SALT Encoding   

  12  0:00  Drone  
  13  0:12  Overlord  
  13  0:17  Drone  
  14  0:31  Drone x2  
  16  0:49  Hatchery  
  15  0:52  Drone  
  15  0:56  Drone  
  17  0:59  Drone  
  18  1:10  Extractor  
  17  1:15  Spawning Pool  
  17  1:18  Drone  
  17  1:21  Drone  
  18  1:28  Drone  
  19  1:38  Drone  
  20  1:49  Drone  
  21  2:02  Queen x2, Overlord  
  21  2:03  Zergling x2  
  26  2:11  Drone  
  26  2:12  Drone  
  28  2:21  Drone  
  29  2:26  Drone  
  30  2:33  Hatchery  
  29  2:37  Drone  
  29  2:39  Queen  
  29  2:43  Overlord  
  32  2:48  Drone x2  
  34  2:52  Metabolic Boost  
  34  2:56  Drone  
  35  2:58  Drone  
  36  3:07  Overlord  
  36  3:09  Drone x2  
  36  3:10  Drone  
  36  3:11  Drone  
  40  3:15  Evolution Chamber  
  40  3:16  Drone  
  40  3:22  Queen  
  40  3:25  Drone  
  43  3:31  Spore Crawler, Drone  
  43  3:34  Queen  
  43  3:39  Drone  
  46  3:42  Drone  
  46  3:46  Drone x3  
  46  3:48  Drone  
  51  3:53  Zerg Melee Weapons Level 1  
  51  3:58  Zergling x8  
  51  4:01  Drone, Spore Crawler  
  55  4:04  Drone  
  55  4:08  Overlord  
  56  4:16  Zergling x4  
  58  4:17  Overlord  
  58  4:20  Overlord  
  58  4:23  Overlord  
  58  4:34  Zergling x12  
  58  4:36  Queen  
  58  4:38  Lair  
  66  4:39  Zergling x4  
  66  4:43  Zergling x6  
  71  4:46  Spore Crawler  
  70  4:54  Overlord  
  70  4:57  Drone x6  
  76  5:04  Extractor x2, Zergling x2  
  76  5:05  Zergling x4  
  77  5:10  Drone x4  
  80  5:14  Drone  
  80  5:18  Drone x3  
  83  5:25  Overlord  
  83  5:28  Roach Warren  
  81  5:30  Zergling x6  
  81  5:36  Zergling x6  
  81  5:37  Zergling x4  
  84  5:44  Drone x2  
  86  5:53  Hatchery  
  86  5:56  Zergling x16  
  86  6:05  Overlord  
  86  6:06  Overlord x3  
  86  6:08  Zerg Missile Weapons Level 1  
  86  6:12  Glial Reconstitution  
  86  6:19  Roach x4  
  86  6:20  Overlord  
  94  6:26  Roach x3  
  100  6:35  Roach x4  
  100  6:38  Zergling x6  
  110  6:41  Roach x2  
  110  6:43  Zergling x2  
  115  6:48  Roach x2  
  115  6:49  Roach  
  115  6:50  Ravager x2  
  115  6:53  Zergling x6  
  122  6:58  Ravager  
  122  7:00  Roach x2  
  117  7:02  Zergling x2  
  117  7:07  Roach x3  
  116  7:08  Zergling x6  
  116  7:11  Zergling x6  
  116  7:14  Zergling x2  
  122  7:19  Roach x3  
  122  7:20  Zergling x2  
  129  7:23  Zergling x2  
  130  7:31  Roach x4  
  138  7:43  Roach x5  
  132  7:47  Zergling x12  
  132  7:50  Zergling x4  
  121  7:55  Zergling x4  
  109  8:04  Drone x3  
  101  8:07  Drone  
  101  8:11  Spire  
  93  8:14  Extractor  
  93  8:16  Drone x3  
  93  8:18  Drone  
  93  8:19  Drone  
  93  8:25  Drone x2  
  93  8:26  Drone  
  95  8:29  Drone x2  
  95  8:33  Drone x2  
  99  8:39  Drone x3  
  99  8:53  Extractor  
  99  8:55  Extractor  
  97  8:57  Overlord  
  97  9:04  Hatchery  
  94  9:19  Drone x3  
  91  9:26  Mutalisk x6  
  101  9:31  Mutalisk x2  
  105  9:43  Mutalisk x2  
  109  9:51  Drone  
  109  9:52  Drone  
  112  10:02  Roach x4  
  119  10:07  Roach x3  
  119  10:12  Roach x5  
  131  10:15  Ravager x2  
  131  10:18  Roach x2  
  137  10:25  Roach x2  
  141  10:34  Roach x3  
  146  10:36  Ravager  
  146  10:40  Roach x2  
  151  10:45  Roach x2  
  154  11:00  Roach  
  154  11:03  Roach x7  

Tags
 
Add a new tag
Caveats
  • Supply blocks, unpowered buildings, or Contaminate may cause inaccurate times.
  • Supply counts are checked every 10 seconds.